[Event "Titled Tuesday Blitz November 30 2021"]
[White "Andreikin, Dmitry"]
[Black "Papasimakopoulos, Alexandros"]
[WhiteFideId "4158814"]
[BlackFideId "4244125"]
[WhiteElo "2736"]
[BlackElo "2394"]
[Result "1-0"]
[Round "09"]
[TimeControl "180+1"]
[Date "2021.11.30"]
[WhiteClock "0:00:03"]
[BlackClock "0:00:04"]

1. d4 e6 2. Nf3 Nf6 3. Bg5 c5 4. Nc3 d5 5. e4 Be7 6. e5 Nfd7 7. Bxe7 Kxe7 8. dxc5 Nc6 9. Qd2 h6 10. O-O-O Nxc5 11. Qe3 b6 12. Bb5 Bb7 13. Bxc6 Bxc6 14. Nd4 Bd7 15. h4 h5 16. Rh3 Kf8 17. Qf4 Rc8 18. Rg3 b5 19. Nf3 a5 20. Ng5 Qe7 21. Rf3 Be8 22. Kb1 b4 23. Ne2 Ne4 24. Nxe4 dxe4 25. Rg3 Bc6 26. Rd6 Bd5 27. Nd4 Kg8 28. Rxd5 exd5 29. Rxg7+ Kxg7 30. Nf5+ Kf8 31. Nxe7 Kxe7 32. Qf6+ Kd7 33. b3 Rcd8 34. Qxf7+ Kc6 35. e6 Kd6 36. e7 Rde8 37. g3 Ke5 38. Kc1 Kd6 39. Kd2 Rhg8 40. Ke3 Rc8 41. Kd4 Rge8 42. Qf6+ Kd7 43. Kxd5 Rxe7 44. Qf5+ Kc7 45. Qxh5 Rd7+ 46. Kc5 Kb8+ 47. Kb5 Rb7+ 48. Ka4 Rxc2 49. Qe5+ Ka8 50. Qh8+ Rb8 51. Qa1 Rxf2 52. a3 bxa3 53. Qe5 a2 54. Qxe4+ Rb7 55. Qe8+ Ka7 56. Qe3+ Rb6 57. Qe5 1-0


[Site "https://www.chess.com"]

[Event "Titled Tuesday Blitz November 30 2021"]
[White "Bacrot, Etienne"]
[Black "Kucuksari, Kaan"]
[WhiteFideId "605506"]
[BlackFideId "6380166"]
[WhiteElo "2673"]
[BlackElo "2301"]
[Result "0-1"]
[Round "09"]
[TimeControl "180+1"]
[Date "2021.11.30"]
[WhiteClock "0:00:01"]
[BlackClock "0:00:08"]

1. e4 c5 2. Nf3 d6 3. Bb5+ Nd7 4. c3 a6 5. Ba4 b5 6. Bc2 Bb7 7. d4 g6 8. O-O Bg7 9. Re1 Ngf6 10. e5 dxe5 11. dxe5 Ng4 12. e6 fxe6 13. Ng5 Ndf6 14. Qxd8+ Rxd8 15. Nxe6 Kf7 16. Nxd8+ Rxd8 17. h3 Nh6 18. Be3 c4 19. Bd4 Nf5 20. Bxf5 gxf5 21. Nd2 Rg8 22. f3 Bh6 23. Rad1 Nd5 24. Nf1 Nf4 25. Ne3 Nxg2 26. Kf2 Nf4 27. Nxf5 Nxh3+ 28. Kf1 Bg5 29. Bc5 Bxf3 30. Rd7 Bg4 31. Rdxe7+ Bxe7 32. Rxe7+ Kf6 33. Nh6 Rg6 34. Nxg4+ Rxg4 35. Rxh7 Nf4 36. Ra7 Kf5 37. Rxa6 Ke4 38. Bd4 Kf3 39. Rh6 Ne2 40. Rh2 Ng3+ 41. Ke1 Re4+ 42. Kd1 Re2 43. Rxe2 Nxe2 44. Be5 Ke3 45. b3 Kd3 46. bxc4 bxc4 47. a4 Ng1 48. a5 Nf3 49. a6 Nxe5 50. a7 Kxc3 51. a8=Q Nd3 52. Qa3+ Kd4 53. Qa7+ Kc3 54. Qg7+ Kb3 55. Qh7 Nb2+ 56. Kc1 Nd3+ 57. Kb1 Nb4 58. Qf7 Kc3 59. Qb7 Kb3 60. Qf3+ c3 61. Qf7+ Ka3 62. Qc4 c2+ 63. Kc1 Ka4 64. Qf4 Ka5 65. Qc7+ Kb5 66. Qb7+ Kc4 67. Qf7+ Kc3 68. Qf6+ Kc4 69. Qe6+ Kc3 70. Qe5+ Kc4 71. Qf4+ Kc3 72. Qc7+ Kb3 73. Qg3+ Kc4 74. Kb2 Kb5 0-1


[Site "https://www.chess.com"]

[Event "Titled Tuesday Blitz November 30 2021"]
[White "Bluebaum, Matthias"]
[Black "Nakamura, Hikaru"]
[WhiteFideId "24651516"]
[BlackFideId "2016192"]
[WhiteElo "2681"]
[BlackElo "2884"]
[Result "0-1"]
[Round "09"]
[TimeControl "180+1"]
[Date "2021.11.30"]
[WhiteClock "0:00:17"]
[BlackClock "0:00:16"]

1. d4 g6 2. c4 Bg7 3. e4 d6 4. Nc3 Nd7 5. Nf3 Ngf6 6. Be2 O-O 7. O-O e5 8. Be3 Ng4 9. Bg5 f6 10. Bd2 Re8 11. Qc2 c6 12. Rad1 Qe7 13. h3 Nh6 14. Rfe1 Nf7 15. b4 exd4 16. Nxd4 f5 17. Nf3 Nde5 18. Bc1 f4 19. Bxf4 Nxf3+ 20. Bxf3 Qf6 21. Ne2 Bxh3 22. Rd3 Be6 23. Bxd6 Nxd6 24. Rxd6 Bf8 25. Rd3 Bxb4 26. Rb1 Bc5 27. Rxb7 Rab8 28. Rdb3 Rbd8 29. Rd3 Rxd3 30. Qxd3 Rd8 31. Qc2 Qa1+ 32. Rb1 Qe5 33. g3 Rf8 34. Nf4 Bc8 35. Nd3 Qxg3+ 36. Bg2 Bd4 37. c5 Bh3 38. Qc4+ Rf7 39. Rb8+ Qxb8 40. Bxh3 Qg3+ 41. Bg2 Bxf2+ 42. Kf1 Bd4+ 43. Ke2 Qxg2+ 44. Kd1 Qxe4 45. Ne1 Qd5 46. Qe2 Bxc5+ 47. Nd3 Bf8 48. Qe8 Qxd3+ 49. Kc1 Rf1+ 50. Kb2 Rb1# 0-1


[Site "https://www.chess.com"]

[Event "Titled Tuesday Blitz November 30 2021"]
[White "Budrewicz, Krzysztof"]
[Black "Azarov, Sergei"]
[WhiteFideId "1127950"]
[BlackFideId "13501470"]
[WhiteElo "2242"]
[BlackElo "2494"]
[Result "0-1"]
[Round "09"]
[TimeControl "180+1"]
[Date "2021.11.30"]
[WhiteClock "0:00:24"]
[BlackClock "0:00:51"]

1. d4 Nf6 2. c4 e6 3. Nf3 d5 4. Nc3 Be7 5. Bf4 O-O 6. e3 b6 7. cxd5 Nxd5 8. Nxd5 exd5 9. Be2 c5 10. O-O Nc6 11. Rc1 Be6 12. Qa4 Bd7 13. Bb5 Rc8 14. a3 c4 15. Rfd1 a6 16. Bxc6 Bxc6 17. Qc2 b5 18. Ne5 Be8 19. Qd2 f6 20. Nf3 Bh5 21. Bg3 a5 22. Re1 b4 23. Ra1 c3 24. bxc3 bxc3 25. Qc1 Qd7 26. e4 dxe4 27. Rxe4 Rfd8 28. Qe3 Bf8 29. Rc1 Bg6 30. Rh4 Re8 31. Qf4 Bxa3 0-1


[Site "https://www.chess.com"]

[Event "Titled Tuesday Blitz November 30 2021"]
[White "Costachi, Mihnea"]
[Black "Leiva, Gianmarco"]
[WhiteFideId "1217518"]
[BlackFideId "3804399"]
[WhiteElo "2482"]
[BlackElo "2318"]
[Result "0-1"]
[Round "09"]
[TimeControl "180+1"]
[Date "2021.11.30"]
[WhiteClock "0:00:04"]
[BlackClock "0:00:34"]

1. d4 Nf6 2. c4 e6 3. Nf3 d5 4. Nc3 a6 5. cxd5 exd5 6. Bg5 Be6 7. e3 Nbd7 8. Bd3 h6 9. Bf4 g5 10. Bg3 Nh5 11. Qc2 Nxg3 12. hxg3 c6 13. O-O-O Bg7 14. e4 dxe4 15. Nxe4 Qe7 16. Kb1 O-O-O 17. Bxa6 Kb8 18. Bd3 g4 19. Ne5 Bxe5 20. dxe5 Nxe5 21. Nc5 Nxd3 22. Nxd3 Bf5 23. Rd2 Rd5 24. Rhd1 Rhd8 25. Qc4 Qd6 26. Kc2 Rc5 27. Qc3 Rxc3+ 28. Kxc3 Qd4+ 29. Kc2 Qc4+ 30. Kb1 Rxd3 31. Rxd3 Bxd3+ 32. Rxd3 Qxd3+ 0-1


[Site "https://www.chess.com"]

[Event "Titled Tuesday Blitz November 30 2021"]
[White "Danielian, Vardan"]
[Black "Wagner, Dennis"]
[WhiteFideId "13301594"]
[BlackFideId "24650684"]
[WhiteElo "2519"]
[BlackElo "2355"]
[Result "0-1"]
[Round "09"]
[TimeControl "180+1"]
[Date "2021.11.30"]
[WhiteClock "0:00:49"]
[BlackClock "0:00:56"]

1. Nf3 Nf6 2. d4 d5 3. c4 e6 4. Nc3 Be7 5. cxd5 exd5 6. Bg5 c6 7. e3 Bf5 8. Bd3 Bxd3 9. Bxf6 Ba6 10. Bxg7 Rg8 11. Be5 Rxg2 12. Qc2 Nd7 13. Bg3 h5 14. O-O-O h4 15. Bf4 Qa5 16. Rhg1 h3 17. Rxg2 hxg2 18. Rg1 Bf1 19. Nd2 Bb4 20. Nxf1 gxf1=Q+ 21. Rxf1 Bxc3 22. Qxc3 Qxa2 23. Rg1 Qa1+ 0-1


[Site "https://www.chess.com"]

[Event "Titled Tuesday Blitz November 30 2021"]
[White "Deac, Bogdan-Daniel"]
[Black "Kobalia, Mikhail"]
[WhiteFideId "1226380"]
[BlackFideId "4119150"]
[WhiteElo "2605"]
[BlackElo "2543"]
[Result "1-0"]
[Round "09"]
[TimeControl "180+1"]
[Date "2021.11.30"]
[WhiteClock "0:00:04"]
[BlackClock "0:00:01"]

1. e4 c6 2. Nf3 d5 3. d3 Bg4 4. h3 Bh5 5. Qe2 e6 6. g4 Bg6 7. h4 h5 8. Ne5 Bh7 9. g5 dxe4 10. Nc3 exd3 11. cxd3 Nd7 12. g6 Bxg6 13. Nxg6 fxg6 14. Bh3 Bb4 15. Qe4 Bxc3+ 16. bxc3 Qf6 17. d4 Nf8 18. Bg5 Qf7 19. O-O Ne7 20. c4 O-O-O 21. Qe5 Qf3 22. Bg2 Qf7 23. Bf4 Kd7 24. Rad1 Qf5 25. Qc7+ Ke8 26. Bg5 Rd7 27. Qb8+ Kf7 28. Rfe1 Rg8 29. Qg3 Nh7 30. Re5 Qc2 31. Rde1 Nxg5 32. Qxg5 Nf5 33. Rxe6 Nh6 34. Re7+ 1-0


[Site "https://www.chess.com"]

[Event "Titled Tuesday Blitz November 30 2021"]
[White "Donchenko, Alexander"]
[Black "Matinian, Nikita"]
[WhiteFideId "24603295"]
[BlackFideId "24129100"]
[WhiteElo "2490"]
[BlackElo "2422"]
[Result "1-0"]
[Round "09"]
[TimeControl "180+1"]
[Date "2021.11.30"]
[WhiteClock "0:00:05"]
[BlackClock "0:00:01"]

1. e4 e5 2. Nf3 Nc6 3. Bb5 a6 4. Ba4 Nf6 5. O-O Be7 6. d3 d6 7. c4 O-O 8. Nc3 Bg4 9. h3 Bxf3 10. Qxf3 Nd4 11. Qd1 c6 12. Qd2 Nh5 13. Ne2 Nxe2+ 14. Qxe2 g6 15. Bd2 Bg5 16. Bc3 b5 17. Bb3 c5 18. cxb5 axb5 19. a4 b4 20. Bd2 Bxd2 21. Qxd2 Nf4 22. Kh2 Qg5 23. g3 Nxh3 24. f4 exf4 25. gxf4 Qh4 26. Qe1 Qh6 27. Kg3 Kh8 28. Rh1 Qxf4+ 29. Kxh3 f5 30. Qg3 Qh6+ 31. Qh4 Qe3+ 32. Kg2 Qd2+ 33. Kg1 Ra7 34. Rf1 Qxd3 35. Rh3 Qd4+ 36. Kh1 c4 37. Bd1 f4 38. Qh6 Raf7 39. Qxg6 Qxb2 40. Qxd6 b3 41. Bh5 Qf6 42. Qd5 Re7 43. Qxc4 b2 44. Qb4 Re5 45. Bg4 Qg7 46. Bf5 Rfe8 47. Qxb2 1-0


[Site "https://www.chess.com"]

[Event "Titled Tuesday Blitz November 30 2021"]
[White "Durarbayli, Vasif"]
[Black "Samunenkov, Ihor"]
[WhiteFideId "13402935"]
[BlackFideId "14187086"]
[WhiteElo "2522"]
[BlackElo "2348"]
[Result "1-0"]
[Round "09"]
[TimeControl "180+1"]
[Date "2021.11.30"]
[WhiteClock "0:00:15"]
[BlackClock "0:00:03"]

1. e4 c6 2. d4 d5 3. exd5 cxd5 4. c4 Nf6 5. Nc3 Nc6 6. Nf3 Bg4 7. cxd5 Nxd5 8. Qb3 Bxf3 9. gxf3 e6 10. Qxb7 Nxd4 11. Bb5+ Nxb5 12. Qc6+ Ke7 13. Qc5+ Nd6 14. Nxd5+ exd5 15. O-O Qb6 16. Qxd5 Qb7 17. Qe5+ Kd7 18. Rd1 Re8 19. Qf5+ Re6 20. Qxf7+ Be7 21. Bg5 Re8 22. Rxd6+ Rxd6 23. Re1 Qd5 24. Rxe7+ Rxe7 25. Qxe7+ Kc6 26. Bf4 Rd7 27. Qa3 Kb7 28. Kg2 Rf7 29. Bg3 g5 30. Qb4+ Kc6 31. Qa4+ Kb7 32. Qb4+ Kc6 33. Qc3+ Kb7 34. a4 h5 35. h3 a6 36. Qb4+ Kc6 37. Qc3+ Kb7 38. a5 Qb5 39. Qh8 Ka7 40. Qxh5 Qd5 41. b4 Kb7 42. Qg4 Rf5 43. Qh5 Rf7 44. Qh8 Qxf3+ 45. Kh2 Kc6 46. Qb8 Kd5 47. Qd6+ Kc4 48. Qxa6+ Kxb4 49. Qb6+ Kc3 50. a6 g4 51. Qc5+ Kd2 52. Qd4+ Ke1 53. Qb4+ Kf1 54. Qb1+ Ke2 55. Qa2+ Ke1 56. Qa1+ Ke2 57. h4 Qa8 58. Qa2+ Ke1 59. Qa1+ Ke2 60. Qa2+ Kd1 61. Qxf7 Qxa6 62. Qd5+ Ke2 63. Qe4+ Kf1 64. Qxg4 Qc6 65. Qh3+ Ke2 66. h5 1-0


[Site "https://www.chess.com"]

[Event "Titled Tuesday Blitz November 30 2021"]
[White "Erzhanov, Arman"]
[Black "Nikologorskiy, Konstantin"]
[WhiteFideId "4138821"]
[BlackFideId "24111708"]
[WhiteElo "2175"]
[BlackElo "2346"]
[Result "0-1"]
[Round "09"]
[TimeControl "180+1"]
[Date "2021.11.30"]
[WhiteClock "0:00:19"]
[BlackClock "0:00:11"]

1. e4 c5 2. Nf3 d6 3. Bb5+ Bd7 4. c4 Nc6 5. O-O e5 6. Nc3 g6 7. d3 Bg7 8. Nd5 Nge7 9. Bg5 Qc8 10. Nf6+ Kf8 11. Nd5 h6 12. Bxc6 Nxc6 13. Bf6 Bxf6 14. Nxf6 Kg7 15. Nd5 Bg4 16. h3 Be6 17. Qd2 Rf8 18. Nh2 f5 19. f4 fxe4 20. dxe4 Nd4 21. Nf3 Bxd5 22. cxd5 Rxf4 23. Nxd4 Rxf1+ 24. Rxf1 cxd4 25. Qf2 Qf8 26. Qh4 Qd8 27. Qg4 Qe7 28. h4 h5 29. Qh3 Rf8 30. Rxf8 Qxf8 31. Qd7+ Kh6 32. g4 hxg4 33. Qxg4 Qf6 34. Kg2 a5 35. a4 b6 36. Qc8 d3 37. Qc1+ Qf4 38. Qd1 Qxe4+ 39. Kf2 Qd4+ 40. Kg3 Qe3+ 41. Kg2 d2 42. h5 e4 43. hxg6 Qg5+ 44. Kf2 e3+ 45. Ke2 Qg4+ 46. Kxe3 Qxd1 0-1


[Site "https://www.chess.com"]

[Event "Titled Tuesday Blitz November 30 2021"]
[White "Gaehwiler, Gabriel"]
[Black "Saraci, Nderim"]
[WhiteFideId "1314530"]
[BlackFideId "6351921"]
[WhiteElo "2320"]
[BlackElo "2480"]
[Result "0-1"]
[Round "09"]
[TimeControl "180+1"]
[Date "2021.11.30"]
[WhiteClock "0:00:03"]
[BlackClock "0:00:02"]

1. d4 Nf6 2. c4 e6 3. g3 d5 4. Bg2 Be7 5. Nf3 O-O 6. O-O c6 7. Qc2 b6 8. Rd1 Bb7 9. Nc3 Nbd7 10. e4 dxe4 11. Nxe4 Rc8 12. Nxf6+ Nxf6 13. Ne5 Ba8 14. c5 Nd7 15. Be3 Qc7 16. Rac1 Nxe5 17. dxe5 Qxe5 18. cxb6 axb6 19. Bxb6 c5 20. Bxa8 Rxa8 21. a4 Rfc8 22. b3 h6 23. a5 c4 24. bxc4 Bb4 25. Ra1 Bxa5 26. Bd4 Qc7 27. c5 Qc6 28. Qa4 Qxa4 29. Rxa4 Bd8 30. Rxa8 Rxa8 31. Be5 Rc8 32. Rd7 Ba5 33. Bd6 Bb4 34. c6 Bxd6 35. Rxd6 Kf8 36. h4 Ke7 37. Rd7+ Ke8 38. Rd6 Rc7 39. Kg2 Ke7 40. Rd2 Rxc6 41. Kf3 Rc5 42. Ra2 Kf6 43. Ra7 Rc3+ 44. Ke2 g6 45. Rb7 e5 46. Ra7 h5 47. Rb7 Ke6 48. Ra7 f6 49. Kf1 Kf5 50. Kg2 Rc2 51. Ra4 g5 52. Rb4 Rd2 53. hxg5 fxg5 54. Ra4 Rd4 55. Ra8 h4 56. gxh4 gxh4 57. Rf8+ Ke4 58. Re8 Rc4 59. Kh3 Rc2 60. Rf8 Rc3+ 61. Kg2 h3+ 62. Kg1 Rf3 63. Re8 h2+ 64. Kxh2 Rxf2+ 65. Kg1 Rf5 66. Ra8 Rf3 67. Ra4+ Kf5 68. Kg2 e4 69. Ra1 Kf4 70. Ra8 Ke5 71. Ra5+ Ke6 72. Ra4 Rf4 73. Kg3 Rf3+ 74. Kg2 Ke5 75. Ra5+ Kf4 76. Ra2 Rg3+ 77. Kf2 e3+ 78. Kf1 Kf3 79. Rf2+ Ke4 80. Ra2 Rh3 81. Ra4+ Kf3 82. Kg1 Rh5 0-1


[Site "https://www.chess.com"]

[Event "Titled Tuesday Blitz November 30 2021"]
[White "Gokerkan, Cem Kaan"]
[Black "Dronavalli, Harika"]
[WhiteFideId "6336760"]
[BlackFideId "5015197"]
[WhiteElo "2382"]
[BlackElo "2422"]
[Result "1-0"]
[Round "09"]
[TimeControl "180+1"]
[Date "2021.11.30"]
[WhiteClock "0:00:37"]
[BlackClock "0:00:33"]

1. e4 e6 2. d4 d5 3. Nc3 Bb4 4. e5 c5 5. a3 Bxc3+ 6. bxc3 Qc7 7. Qg4 f6 8. Qg3 Nc6 9. exf6 Qxg3 10. hxg3 Nxf6 11. dxc5 O-O 12. Nf3 e5 13. Bb5 Bg4 14. O-O Rae8 15. Re1 Ne4 16. c4 Bxf3 17. gxf3 Nc3 18. cxd5 Nxb5 19. dxc6 Nd4 20. cxb7 Rb8 21. Rb1 Rf7 22. Kg2 Nxf3 23. Rd1 Nd4 24. Rxd4 exd4 25. c6 Rbf8 26. Bf4 g5 27. c7 gxf4 28. c8=Q fxg3 29. Qxf8+ Rxf8 30. b8=Q Rxb8 31. Rxb8+ 1-0


[Site "https://www.chess.com"]

[Event "Titled Tuesday Blitz November 30 2021"]
[White "Golubev, Mikhail"]
[Black "Demchenko, Anton"]
[WhiteFideId "14100983"]
[BlackFideId "4160258"]
[WhiteElo "2374"]
[BlackElo "2583"]
[Result "0-1"]
[Round "09"]
[TimeControl "180+1"]
[Date "2021.11.30"]
[WhiteClock "0:00:04"]
[BlackClock "0:00:09"]

1. e4 e5 2. Nf3 Nc6 3. Bb5 a6 4. Ba4 d6 5. c3 Bd7 6. O-O g6 7. d4 Bg7 8. dxe5 dxe5 9. Bg5 Nge7 10. Nbd2 h6 11. Bxe7 Qxe7 12. Re1 O-O 13. Nf1 b5 14. Bc2 Nd8 15. Ne3 c6 16. a4 Ne6 17. axb5 axb5 18. Rxa8 Rxa8 19. b4 Nf4 20. Bb3 Rd8 21. Qc2 Be6 22. Bxe6 Qxe6 23. g3 Nh3+ 24. Kg2 Ra8 25. Re2 Nf4+ 26. gxf4 exf4 27. Nf5 gxf5 28. exf5 Qd5 29. Rd2 Qc4 30. f6 Bxf6 31. Qf5 Bxc3 32. Rc2 Qxb4 33. Rxc3 Qxc3 34. Ne5 Qb3 35. Qg4+ Kf8 36. Qxf4 Qd5+ 37. Kg3 Qe6 38. Ng4 Rd8 39. f3 Rd5 40. Nf6 Rg5+ 41. Kh4 Kg7 0-1


[Site "https://www.chess.com"]

[Event "Titled Tuesday Blitz November 30 2021"]
[White "Golubka, Petro"]
[Black "Adewumi, Tanitoluwa"]
[WhiteFideId "14114224"]
[BlackFideId "30966396"]
[WhiteElo "2392"]
[BlackElo "2584"]
[Result "1-0"]
[Round "09"]
[TimeControl "180+1"]
[Date "2021.11.30"]
[WhiteClock "0:01:13"]
[BlackClock "0:00:05"]

1. e4 e5 2. Nf3 Nc6 3. Bb5 Nf6 4. O-O Nxe4 5. d4 Nd6 6. Bxc6 dxc6 7. dxe5 Nf5 8. Qxd8+ Kxd8 9. Nc3 Ke8 10. b3 a5 11. Bb2 Bb4 12. h3 Bxc3 13. Bxc3 c5 14. g4 Ne7 15. Kg2 h5 16. Kg3 Nd5 17. Bd2 f6 18. exf6 gxf6 19. c4 Ne7 20. Nh4 Kf7 21. Bf4 Be6 22. f3 Rh7 23. Bxc7 Rah8 24. Ng2 hxg4 25. hxg4 Rh3+ 26. Kf2 Nc6 27. Bg3 Nd4 28. Nf4 R3h7 29. Rad1 b6 30. Rfe1 Bd7 31. Nd5 Bc6 32. Re7+ Kf8 33. Rxh7 Rxh7 34. Nxf6 Rf7 35. Bd6+ Kg7 36. Nh5+ Kg8 37. Nf4 Bxf3 38. Rxd4 cxd4 39. Kxf3 d3 40. Be5 d2 41. Ke2 Re7 42. Nd3 1-0


[Site "https://www.chess.com"]

[Event "Titled Tuesday Blitz November 30 2021"]
[White "Hjartarson, Johann"]
[Black "Bologan, Victor"]
[WhiteFideId "2300044"]
[BlackFideId "13900048"]
[WhiteElo "2502"]
[BlackElo "2472"]
[Result "0-1"]
[Round "09"]
[TimeControl "180+1"]
[Date "2021.11.30"]
[WhiteClock "0:01:03"]
[BlackClock "0:00:34"]

1. Nf3 Nf6 2. g3 e6 3. Bg2 Be7 4. O-O O-O 5. c4 b6 6. b3 Bb7 7. Bb2 a5 8. Nc3 d5 9. cxd5 exd5 10. d4 Ne4 11. Qc2 Na6 12. Rac1 c5 13. Rfd1 Rc8 14. dxc5 Naxc5 15. Nxe4 Nxe4 16. Qd3 Bc5 17. e3 Qe7 18. Nd4 Qf6 19. Rc2 Qg6 20. Bh3 Rce8 21. Ne2 Nxf2 22. Kxf2 Bxe3+ 23. Kf1 Qh6 24. Qf5 g6 25. Qg4 Re4 26. Qd7 Ba6 27. Rxd5 Re6 28. Bxe6 Qxh2 0-1


[Site "https://www.chess.com"]

[Event "Titled Tuesday Blitz November 30 2021"]
[White "Ianov, Viktor"]
[Black "Boyer, Mahel"]
[WhiteFideId "14102730"]
[BlackFideId "45102422"]
[WhiteElo "2307"]
[BlackElo "2328"]
[Result "1-0"]
[Round "09"]
[TimeControl "180+1"]
[Date "2021.11.30"]
[WhiteClock "0:01:07"]
[BlackClock "0:00:03"]

1. Nf3 g6 2. g3 Bg7 3. Bg2 d6 4. d4 Nf6 5. b3 O-O 6. Bb2 a5 7. a3 b5 8. O-O Bb7 9. Nbd2 Nbd7 10. Re1 c5 11. e4 Qb6 12. e5 Nd5 13. c4 bxc4 14. Nxc4 Qc7 15. exd6 exd6 16. Rc1 Rfe8 17. Qd2 Rxe1+ 18. Rxe1 cxd4 19. Bxd4 Nc5 20. Bxg7 Kxg7 21. Nd4 Nb6 22. Nxa5 Bxg2 23. Kxg2 Nd5 24. b4 Nf6 25. Nb5 Qb6 26. Nxd6 Ne6 27. Ndc4 Qb5 28. Qb2 Rd8 29. Re5 Qb8 30. Nc6 Qa8 31. Na5 Rc8 32. Qc3 Kg8 33. Rxe6 fxe6 34. Qxf6 Rxc6 35. Nxc6 Qxc6+ 36. Qf3 Qc2 37. b5 Qb2 38. a4 Qb4 39. Qf4 Qb3 40. Qd4 h5 41. b6 e5 42. Qd8+ Kh7 43. Qc7+ Kh6 44. Qc1+ Kh7 45. Qe3 Qxa4 46. Qc5 Qb3 47. Qc7+ Kh6 48. b7 Qd5+ 49. Kf1 Qd1+ 50. Kg2 Qd5+ 51. f3 Qa2+ 52. Kh3 Qe6+ 53. g4 hxg4+ 54. fxg4 Qb3+ 55. Kg2 Qb2+ 56. Kf3 Qb3+ 57. Ke2 Qb2+ 58. Kd3 Qb3+ 59. Kd2 Qb2+ 60. Kd1 Qb1+ 61. Qc1+ Qxc1+ 62. Kxc1 Kg5 63. b8=Q Kxg4 64. Qxe5 Kh3 65. Qg3# 1-0


[Site "https://www.chess.com"]

[Event "Titled Tuesday Blitz November 30 2021"]
[White "Ibarra Jerez, Jose Carlos"]
[Black "Madaminov, Mukhiddin"]
[WhiteFideId "2226332"]
[BlackFideId "14210703"]
[WhiteElo "2626"]
[BlackElo "1855"]
[Result "1-0"]
[Round "09"]
[TimeControl "180+1"]
[Date "2021.11.30"]
[WhiteClock "0:00:15"]
[BlackClock "0:00:08"]

1. d4 Nf6 2. Bf4 e6 3. e3 d5 4. Nd2 c5 5. c3 Nc6 6. Ngf3 Be7 7. Bd3 Nh5 8. Be5 Bd7 9. h4 Nf6 10. Bf4 h6 11. Ne5 Qb6 12. Rb1 Nxe5 13. dxe5 Nh7 14. Qg4 Bf8 15. c4 O-O-O 16. O-O g5 17. Bg3 Be7 18. cxd5 exd5 19. Bf5 Bxf5 20. Qxf5+ Qe6 21. Qxe6+ fxe6 22. h5 Rhf8 23. Rbc1 b6 24. b4 Kb7 25. bxc5 Bxc5 26. Nb3 Rc8 27. Rcd1 a5 28. a4 Ka6 29. e4 Rfd8 30. exd5 Rxd5 31. Rxd5 exd5 32. Rd1 Rd8 33. Kh2 Nf8 34. Kh3 Ne6 35. Kg4 Bb4 36. Kf5 Nc5 37. Nd4 Bc3 38. Ne6 Nxe6 39. Kxe6 d4 40. Ke7 Rd5 41. e6 d3 42. Kf7 d2 43. e7 Rd7 44. Ke6 Rxe7+ 45. Kxe7 b5 46. axb5+ Kxb5 47. f4 Kc4 48. fxg5 hxg5 49. h6 Kd3 50. Ke6 Kc2 51. Rh1 a4 52. Be5 Bxe5 53. Kxe5 d1=Q 54. Rxd1 Kxd1 55. h7 a3 56. h8=Q a2 57. Kf5 Ke2 58. Qb2+ Kf1 59. Qxa2 Kg1 60. Kxg5 Kh2 61. g4+ Kh3 62. Qb3+ Kg2 63. Kf4 Kf2 64. Qb2+ 1-0


[Site "https://www.chess.com"]

[Event "Titled Tuesday Blitz November 30 2021"]
[White "Indjic, Aleksandar"]
[Black "Kamsky, Gata"]
[WhiteFideId "911925"]
[BlackFideId "2000024"]
[WhiteElo "2643"]
[BlackElo "2645"]
[Result "0-1"]
[Round "09"]
[TimeControl "180+1"]
[Date "2021.11.30"]
[WhiteClock "0:00:10"]
[BlackClock "0:00:33"]

1. e4 e5 2. Nf3 Nc6 3. Bb5 Nf6 4. d3 d6 5. O-O Bd7 6. h3 g6 7. c4 Bg7 8. Nc3 O-O 9. Bxc6 bxc6 10. d4 exd4 11. Qxd4 Re8 12. e5 c5 13. Qh4 dxe5 14. Bg5 Bc6 15. Rad1 Qe7 16. Nh2 Qe6 17. Ng4 Nxg4 18. Qxg4 Qxg4 19. hxg4 f6 20. Be3 Bf8 21. Rd2 Red8 22. Rfd1 Rxd2 23. Rxd2 Kf7 24. f3 Bd6 25. b3 Ke6 26. Kf2 Rh8 27. Ke2 h5 28. gxh5 Rxh5 29. Nb5 a6 30. Nc3 Rh1 31. Rd1 Rh2 32. Kf2 f5 33. Bg5 Rh5 34. Be3 g5 35. Nd5 f4 36. Bc1 Rh7 37. Nc3 Kf5 38. Nd5 Rh6 39. Bd2 Bxd5 40. cxd5 g4 41. Kg1 e4 42. fxe4+ Kxe4 43. Bc3 Rh5 44. Re1+ Kd3 45. Bf6 Rxd5 46. Kf2 Kc2 47. Re2+ Rd2 48. Rxd2+ Kxd2 0-1


[Site "https://www.chess.com"]

[Event "Titled Tuesday Blitz November 30 2021"]
[White "Jary, Sergey"]
[Black "Erdogdu, Mert"]
[WhiteFideId "14110350"]
[BlackFideId "6301495"]
[WhiteElo "2260"]
[BlackElo "2485"]
[Result "0-1"]
[Round "09"]
[TimeControl "180+1"]
[Date "2021.11.30"]
[WhiteClock "0:00:08"]
[BlackClock "0:00:14"]

1. e4 c5 2. Nf3 d6 3. d4 cxd4 4. Nxd4 Nf6 5. f3 e5 6. Bb5+ Nbd7 7. Nf5 d5 8. exd5 a6 9. Bxd7+ Bxd7 10. Ne3 Bc5 11. Nc3 O-O 12. O-O Nh5 13. Kh1 f5 14. Ne2 b5 15. Qe1 Rc8 16. Bd2 Qf6 17. c4 bxc4 18. Nxc4 Ba7 19. b3 Bb5 20. Bb4 Rfd8 21. d6 Bxc4 22. bxc4 Rxc4 23. Qd2 Qh4 24. g3 Nxg3+ 25. Nxg3 Rxb4 26. Rac1 Rd4 27. Qa5 g6 28. Rg1 Qf6 29. Nh5 Qxd6 30. Rc7 Bb6 31. Rg7+ Kh8 32. Qe1 Rd1 33. Qxd1 Qxd1 34. Rxd1 Rxd1+ 35. Kg2 gxh5 36. Rf7 f4 37. Rf6 Bd4 38. Rxa6 Kg7 39. Rc6 Rd2+ 40. Kh3 Bg1 41. Kh4 Rxh2+ 42. Kg5 Rg2+ 43. Kxh5 Bd4 44. a4 Ra2 45. Kg5 Kf7 46. Rf6+ Ke7 47. Rh6 Rxa4 48. Kg4 Ra2 49. Kf5 Rg2 50. Re6+ Kd7 51. Rh6 Rg7 52. Ke4 Kc7 53. Kd5 Rd7+ 54. Ke4 Rd6 55. Rxh7+ Kc6 56. Rh5 Rg6 57. Rh7 Rg2 58. Rh6+ Kc5 59. Rh3 Re2+ 60. Kf5 Kc4 61. Kg4 Kd3 62. Rh1 Ke3 63. Rh3 Rg2+ 64. Kf5 Rg3 0-1


[Site "https://www.chess.com"]

[Event "Titled Tuesday Blitz November 30 2021"]
[White "Kislov, Oleg"]
[Black "Preotu, Razvan"]
[WhiteFideId "13503774"]
[BlackFideId "2613280"]
[WhiteElo "2252"]
[BlackElo "2407"]
[Result "0-1"]
[Round "09"]
[TimeControl "180+1"]
[Date "2021.11.30"]
[WhiteClock "0:00:14"]
[BlackClock "0:00:16"]

1. d4 Nf6 2. Nc3 d5 3. Bg5 c6 4. Nf3 Qb6 5. Qd3 Qxb2 6. Rb1 Qa3 7. Bf4 Qa5 8. Bd2 Qa6 9. Qe3 Nbd7 10. Qf4 Qa3 11. Rb3 Qd6 12. Qh4 e5 13. dxe5 Nxe5 14. Bf4 Ng6 15. Bxd6 Nxh4 16. Bxf8 Nxf3+ 17. gxf3 Kxf8 18. e3 g6 19. Bd3 Kg7 20. h4 Re8 21. Kd2 c5 22. Rbb1 Re7 23. Rbg1 h5 24. Rg5 Be6 25. Rhg1 Rd8 26. f4 c4 27. Be2 d4 28. exd4 Rxd4+ 29. Kc1 Rxf4 30. Bxh5 Rxh4 31. Bd1 Rf4 32. R1g2 Bf5 33. Ne2 Rg4 34. R5xg4 Bxg4 35. Ng3 Re1 36. f3 Bxf3 37. Rd2 c3 38. Rd3 Bxd1 39. Rxd1 Rxd1+ 40. Kxd1 Nd5 41. Ke2 f5 42. Kd3 Kf6 43. Kc4 Ke5 44. Ne2 g5 45. a4 f4 46. a5 f3 47. Ng3 g4 48. Kd3 Kf4 49. Nh5+ Kg5 50. Ng3 Kh4 51. Nf1 g3 52. Ke4 g2 0-1


[Site "https://www.chess.com"]

[Event "Titled Tuesday Blitz November 30 2021"]
[White "Kollars, Dmitrij"]
[Black "Iljiushenok, Ilia"]
[WhiteFideId "12909572"]
[BlackFideId "24105074"]
[WhiteElo "2584"]
[BlackElo "2578"]
[Result "1-0"]
[Round "09"]
[TimeControl "180+1"]
[Date "2021.11.30"]
[WhiteClock "0:00:15"]
[BlackClock "0:00:01"]

1. e4 c5 2. Nf3 d6 3. d4 cxd4 4. Nxd4 Nf6 5. Nc3 a6 6. Be3 e5 7. Nf3 Qc7 8. a4 Be7 9. Be2 O-O 10. O-O h6 11. a5 Be6 12. Nd2 Nbd7 13. Re1 Rac8 14. h3 Rfd8 15. Bf3 Qc6 16. Qe2 d5 17. exd5 Nxd5 18. Nxd5 Bxd5 19. c3 f5 20. Bxd5+ Qxd5 21. Red1 Qc6 22. Nf3 Bf6 23. Rd2 f4 24. Ba7 e4 25. Nd4 Bxd4 26. Bxd4 f3 27. Qe3 Qg6 28. g3 Nf8 29. Re1 Re8 30. Qf4 Rc6 31. Be3 Qh5 32. Qg4 Qxa5 33. Red1 Rg6 34. Qf4 Qh5 35. Kh2 Kh7 36. Rd5 Rg5 37. Rxg5 Qxg5 38. Qxg5 hxg5 39. Bxg5 Kg6 40. Be3 Kf7 41. g4 Re5 42. Kg3 g5 43. h4 gxh4+ 44. Kxh4 Rb5 45. b4 a5 46. Rd4 a4 47. Rd8 Re5 48. Ra8 b5 49. Kg3 Ne6 50. Ra7+ Kg6 51. Ra6 Kf7 52. Ra5 Rd5 53. c4 Rd3 54. cxb5 a3 55. b6 Nd8 56. Ra7+ Ke6 57. b7 Nxb7 58. Rxb7 Rb3 59. Ra7 Kd5 60. Kf4 Rxb4 61. Rxa3 Rb7 62. Ra5+ Kd6 63. Kxe4 1-0


[Site "https://www.chess.com"]